 Dungeon Crawl Stone Soup version 0.31-a0-263-ge8cad7f256 (webtiles) character file.

Game seed: 1897502191021869308

823 qw the Shooter (level 7, 0/43 HPs)
             Began as a Gargoyle Hexslinger on July 13, 2023.
             Was an Initiate of Okawaru.
             Slain by a river rat (5 damage)
             ... summoned by Eustachio
             ... on level 5 of the Dungeon.
             The game lasted 00:01:31 (3461 turns).

qw the Shooter (Gargoyle Hexslinger)                Turns: 3461, Time: 00:01:32

Health: 0/43       AC: 18    Str: 11    XL:     7   Next: 96%
Magic:  8/8        EV: 10    Int: 14    God:    Okawaru [......]
Gold:   234        SH:  0    Dex: 14    Spells: 7/8 levels left

rFire   . . .        Y - +0 orcbow
rCold   . . .        (shield currently unavailable)
rNeg    + . .        i - +4 ring mail of Wu Jian, Disbelieving {Will+ Stlth+}
rPois   inf          (no helmet)
rElec   +            (no cloak)
rCorr   .            (no gloves)
SInv    .            (no boots)
Will    +....        (no amulet)
Stlth   ++           h - +4 ring of protection
HPRegen 0.27/turn    (no ring)
MPRegen 0.11/turn

%: no passive effects
@: no status effects
A: sickness immunity, AC +4, negative energy resistance 1, electricity
resistance, torment resistance 1, petrification resistance
a: Renounce Religion


You were on level 5 of the Dungeon.
You worshipped Okawaru.
Okawaru was noncommittal.
You visited 2 branches of the dungeon, and saw 6 of its levels.

You collected 234 gold pieces.


Innate Abilities, Weirdness & Mutations

You are immune to sickness and miasma.
Your stone body is resilient. (AC +4)
You are immune to poison.
You resist negative energy. (rN+)
You are resistant to electric shocks. (rElec)
You are resistant to unholy torment.
You are immune to petrification.


   Skills:
 - Level 4.0 Fighting
 + Level 7.9 Ranged Weapons
 - Level 1.3 Armour
 - Level 1.5 Dodging
 - Level 1.0 Spellcasting
 - Level 2.6 Hexes


You had 7 spell levels left.
You knew the following spells:

 Your Spells              Type           Power      Damage    Failure   Level
a - Slow                  Hex            32%        N/A       21%         1

Your spell library contained the following spells:

 Spells                   Type           Power      Damage    Failure   Level
 Inner Flame              Hex/Fire       4%         N/A       71%         3
 Portal Projectile        Hex/Tloc       8%         N/A       71%         3
 Cause Fear               Hex            4%         N/A       90%         4

Inventory:

Hand Weapons
 Y - a +0 orcbow (weapon)
Armour
 i - the +4 ring mail of Wu Jian, Disbelieving (worn) {Will+ Stlth+}
   (You found it on level 3 of the Dungeon)

   Will:      It increases your willpower.
   Stlth:     It makes you more stealthy.
Jewellery
 h - a +4 ring of protection (left hand)
Scrolls
 f - a scroll of identify
Potions
 b - a potion of cancellation {unknown}
 c - a potion of resistance
 g - a potion of curing {unknown}

Dungeon Overview and Level Annotations

Branches:
Dungeon (5/15)             Temple (1/1) D:4

Altars:
Cheibriados
Elyvilon
Fedhas
Gozag
Kikubaaqudgha
Nemelex Xobeh
Okawaru
Qazlal
Ru
Sif Muna
Trog
Uskayaw
Wu Jian
Xom
Yredelemnul
Zin
The Shining One

Annotations:
D:5 Eustachio


Message History

The iron imp hits you but does no damage.
The bat closely misses you. The shadow imp closely misses you.
Eustachio hits you with a +0 rapier of protection.
You shoot an arrow. The arrow closely misses Eustachio.
The bat hits you but does no damage. The river rat bites you.
The river rat bites you but does no damage.
The iron imp hits you but does no damage.
The shadow imp misses you.
The white imp picks up a beetle and eats it.
Eustachio hits you but does no damage.
The river rat bites you but does no damage. x2
You shoot an arrow.
The arrow hits Eustachio but does no damage.
Eustachio is severely wounded.
The bat barely misses you. The bat hits you. The iron imp closely misses you.
The shadow imp hits you but does no damage.
Eustachio barely misses you.
The river rat bites you but does no damage.
The river rat bites you.
You shoot an arrow. The arrow barely misses Eustachio.
The arrow hits the white imp but does no damage.
The bat misses you. The bat hits you but does no damage.
The shadow imp shouts, "Turn tail, thou dankish moon-mazed puttock!"
The shadow imp closely misses you. Eustachio closely misses you.
The iron imp hits you. The river rat closely misses you.
The river rat barely misses you. The bat closely misses you.
Eustachio hits you but does no damage.
The shadow imp hits you but does no damage.
You shoot an arrow. The arrow barely misses Eustachio.
The arrow closely misses the white imp.
The bat hits you but does no damage. The river rat bites you.
The river rat bites you but does no damage.
The iron imp barely misses you. The bat completely misses you.
The shadow imp hits you but does no damage.
Eustachio hits you but does no damage.
You shoot an arrow. The arrow barely misses Eustachio.
The arrow hits the white imp.
The white imp is moderately wounded.
The bat misses you. The river rat barely misses you. The river rat bites you.
You die...

.. #### .# #
...##.####.#
...........
...........
#.#..b....... #
#.#.#rr...... #
#.#.#.#@@5.....
#.##.#...5b5#.....
......#.#### #.#
##.#....#
#......|# ##.
#..##.####....
#.............
#......###.##
#...........#


You could see Eustachio, an iron imp (summoned), 2 river rats, a white imp
(summoned), a shadow imp (summoned) and 2 bats.

Vanquished Creatures
  Grinder (D:4)
  Menkaure (D:4)
  2 black bears (D:4)
  A phantom (D:4)
  A sleepcap (D:3)
  Jessica (D:3)
  4 gnolls (D:3)
  5 adders
  An ufetubus (D:4)
  2 worms
  A dart slug (D:4)
  6 orcs
  6 bats
  4 endoplasms
  7 giant cockroaches
  7 goblins
  9 hobgoblins
  9 jackals
  8 kobolds
  3 quokkas
  A ball python (D:4)
  4 frilled lizards
  3 rats (D:1)
87 creatures vanquished.

Notes
Turn   | Place    | Note
-------+----------+-------------------------------------------
     0 | D:1      | qw the Gargoyle Hexslinger began the quest for the Orb.
     0 | D:1      | Reached XP level 1. HP: 12/12 MP: 2/2
     0 | D:1      | 0 ||| qw: Version: 0.3-a-52-g30416fa
     0 | D:1      | 0 ||| qw: Game counter: 7246
     0 | D:1      | 0 ||| qw: Melee chars always use a shield: true
     0 | D:1      | 0 ||| qw: God list: Okawaru
     0 | D:1      | 0 ||| qw: Allow faded altars: false
     0 | D:1      | 0 ||| qw: Do Orc after clearing Dungeon:15 true
     0 | D:1      | 0 ||| qw: Do second Lair branch before Depths: true
     0 | D:1      | 0 ||| qw: Lair rune preference: random
     0 | D:1      | 0 ||| qw: Goals: Normal
     0 | D:1      | 0 ||| PLANNING D:1-11
    85 | D:1      | Reached XP level 2. HP: 16/16 MP: 3/3
   147 | D:1      | 147 ||| SWAPPING to +0 orcbow.
   150 | D:1      | 150 ||| DROPPING +1 sling.
   162 | D:1      | Reached skill level 3 in Ranged Weapons
   240 | D:1      | Reached XP level 3. HP: 21/21 MP: 4/4
   504 | D:1      | 504 ||| UPGRADING to +0 ring mail.
   514 | D:1      | 514 ||| DROPPING +0 robe.
   515 | D:1      | 515 ||| READING scroll labelled TOSAL XELAASH.
   516 | D:1      | 516 ||| DRINKING 2 inky potions.
   517 | D:1      | 517 ||| DROPPING scroll of poison.
   969 | D:2      | Found a faded altar of an unknown god.
  1274 | D:2      | 1274 ||| READING scroll labelled USALACHEPSA.
  1275 | D:2      | 1275 ||| READING scroll labelled AVARUXZ COVOF.
  1305 | D:3      | Reached XP level 4. HP: 26/26 MP: 5/5
  1401 | D:3      | Reached skill level 4 in Ranged Weapons
  1411 | D:3      | Reached skill level 1 in Armour
  1526 | D:3      | Noticed Jessica
  1532 | D:3      | Killed Jessica
  1533 | D:3      | Reached XP level 5. HP: 26/30 MP: 6/6
  1683 | D:3      | Identified the +4 ring mail of Wu Jian, Disbelieving {Will+
                  | Stlth+}
  1881 | D:3      | Reached skill level 5 in Ranged Weapons
  1888 | D:3      | 1888 ||| UPGRADING to +4 ring mail of Wu Jian, Disbelieving
                  | {Will+ Stlth+}.
  1898 | D:3      | 1898 ||| DROPPING +0 ring mail.
  1899 | D:3      | 1899 ||| UPGRADING to +4 ring of protection.
  1900 | D:3      | 1900 ||| READING 3 scrolls labelled XAUSHE ZATA.
  1901 | D:3      | 1901 ||| DRINKING 2 yellow potions.
  1902 | D:3      | 1902 ||| READING 2 scrolls of identify.
  1902 | D:3      | 1902 ||| IDENTIFYING green potion
  1903 | D:3      | 1903 ||| DROPPING potion of brilliance.
  1904 | D:3      | 1904 ||| DROPPING 2 scrolls of summoning.
  1942 | D:4      | 1942 ||| STAIRDANCE
  1976 | D:4      | Noticed a black bear
  1984 | D:4      | Killed a black bear
  1985 | D:4      | Reached XP level 6. HP: 33/38 MP: 7/7
  2055 | D:4      | Noticed Menkaure
  2059 | D:4      | HP: 8/38 [Menkaure (9)]
  2060 | D:4      | 2060 ||| DRINKING potion of heal wounds.
  2067 | D:4      | HP: 3/38 [Menkaure (9)]
  2068 | D:4      | Killed Menkaure
  2107 | D:4      | 2107 ||| FLEEEEING.
  2108 | D:4      | 2108 ||| FLEEEEING.
  2109 | D:4      | 2109 ||| FLEEEEING.
  2293 | D:4      | Noticed a black bear
  2304 | D:4      | Killed a black bear
  2305 | D:4      | Reached skill level 6 in Ranged Weapons
  2305 | D:4      | Reached XP level 7. HP: 24/43 MP: 8/8
  2400 | D:4      | Found a staircase to the Ecumenical Temple.
  2401 | D:4      | 2401 ||| PLANNING TEMPLE
  2401 | D:4      | 2401 ||| READING scroll labelled PAXEDISHRARUPT.
  2414 | Temple   | Entered the Ecumenical Temple
  2499 | Temple   | 2499 ||| PLANNING OKAWARU WORSHIP
  2606 | Temple   | Became a worshipper of Warmaster Okawaru
  2607 | Temple   | 2607 ||| PLANNING D:1-11
  3184 | D:4      | Noticed Grinder
  3201 | D:4      | Killed Grinder
  3202 | D:4      | Reached skill level 7 in Ranged Weapons
  3347 | D:4      | 3347 ||| READING scroll labelled YLAEWK DONIPT.
  3378 | D:5      | Entered Level 5 of the Dungeon
  3384 | D:5      | 3384 ||| STAIRDANCE
  3430 | D:5      | Noticed Eustachio
  3458 | D:5      | HP: 10/43 [river rat[Eustachio] (2)]
  3461 | D:5      | Slain by a river rat

Levels and vault maps discovered:
D:1:      dpeg_arrival_three_bigger_balls, layout_rooms, nrook_loot_triangle
D:2:      layout_basic, chequers_ecumenical_altar_simple_redux,
          minmay_tromino_v4_c
D:3:      layout_basic, hex_tiny, dk_noncrumbling_3, uniq_jessica
D:4:      layout_loops_corners, minmay_temple_entry_butterflies, st_stairs_12,
          minmay_cut_off, uniq_grinder, uniq_menkaure
D:5:      layout_basic, uniq_eustachio
Temple:   bh_familiar_temple

Skill      XL: |  1  2  3  4  5  6  7 |
---------------+----------------------+-----
Ranged Weapons | 3 4 5 6 7 |  7.9
Fighting       | 2 4 |  4.0
Armour         | 1 |  1.3
Dodging        | |  1.5
Spellcasting   | |  1.0
Hexes          | |  2.6

Action                     |  1- 3 |  4- 6 |  7- 9 || total
---------------------------+-------+-------+-------++-------
   Fire: Sling             |    16 |       |       ||    16
         Orcbow            |    90 |   119 |   131 ||   340
    Use: Scroll            |     3 |     2 |     2 ||     7
         Potion            |     1 |     2 |       ||     3
 Armour: Robe              |    21 |       |       ||    21
         Ring mail         |    10 |    59 |   103 ||   172
  Dodge: Dodged            |    51 |    63 |    96 ||   210

Table legend:
 A = Non-vault XP
 B = Vault XP
 C = Vault XP percentage of total XP
 D = Non-vault monster count
 E = Vault monster count
 F = Vault count percentage of total count
                 A         B        C        D         E       F
            +---------+---------+-------+---------+---------+-------
      Total |     517 |     659 |  56.0 |      75 |      12 |  13.8
            +---------+---------+-------+---------+---------+-------
        D:1 |      42 |       0 |   0.0 |      24 |       0 |   0.0
        D:2 |      21 |       7 |  25.0 |      12 |       2 |  14.3
        D:3 |     146 |      37 |  20.2 |      20 |       1 |   4.8
        D:4 |     302 |     615 |  67.1 |      17 |       9 |  34.6
        D:5 |       6 |       0 |   0.0 |       2 |       0 |   0.0
            +---------+---------+-------+---------+---------+-------
